 Dungeon Crawl Stone Soup version 0.28.0-45-g0d030f2227 (webtiles) character file.

Game seed: 13744895807707675929

961 protoss039 the Conjurer (level 7, -3/57 HPs)
             Began as a Demonspawn Conjurer on May 18, 2022.
             Splashed by a jelly's acid (7 damage)
             ... on level 5 of the Dungeon.
             The game lasted 00:11:31 (3815 turns).

protoss039 the Conjurer (Demonspawn Conjurer)       Turns: 3815, Time: 00:11:32

Health: -3/57      AC: -2    Str:  7    XL:     7   Next: 92%
Magic:  0/13       EV: 12    Int: 24    God:
Gold:   19         SH:  0    Dex: 11    Spells: 11/14 levels left

rFire   . . .      SeeInvis .   g - +1 whip (drain)
rCold   . . .      Faith    .   (no shield)
rNeg    . . .      Spirit   .   m - +1 robe of Jeipeun {Int+2}
rPois   +          Reflect  .   a - +0 hat
rElec   .          Harm     .   (no cloak)
rCorr   .          Rampage  .   q - +0 pair of gloves
Will    .....                   i - +0 pair of boots
Stlth   ++........              (no amulet)
HPRegen 0.19/turn               e - ring of poison resistance
MPRegen 0.13/turn               (no ring)

@: corroded, very slightly contaminated
A: claws 1, demonic magic 1, weakness stinger 2
a: no special abilities


You were on level 5 of the Dungeon.
You visited 1 branch of the dungeon, and saw 5 of its levels.

You collected 93 gold pieces.
You spent 74 gold pieces at shops.

Inventory:

Hand Weapons
 g - a +1 whip of draining (weapon)
 r - the +8 dagger "Dragon's Tongue" {vorpal, Contam rN++}
   (You found it on level 3 of the Dungeon)

   It inflicts extra damage upon your enemies.
   rN:        It greatly protects you from negative energy.
   Contam:    It causes magical contamination when unequipped.
Missiles
 h - 21 stones
 s - 10 javelins
Armour
 a - a +0 hat (worn)
 i - a +0 pair of boots (worn)
 m - the +1 robe of Jeipeun (worn) {Int+2}
   (You found it on level 3 of the Dungeon)

   Int:       It affects your intelligence (+2).
 q - a +0 pair of gloves (worn)
Jewellery
 e - a ring of poison resistance (left hand)
Wands
 k - a wand of polymorph (7)
 v - a wand of flame (19)
Scrolls
 b - a scroll of fog {unknown}
 c - a scroll of identify
 f - a scroll of fear {unknown}
Potions
 d - a potion of flight {unknown}
 j - a potion of magic {unknown}
 l - a potion of might {unknown}
 n - 3 potions of cancellation {unknown}
 o - 2 potions of haste {unknown}
 p - a potion of mutation {unknown}
 t - a potion of ambrosia {unknown}
 u - a potion of brilliance {unknown}


   Skills:
 * Level 5.8 Fighting
 + Level 2.9 Armour
 - Level 1.7 Dodging
 - Level 1.7 Stealth
 + Level 4.2 Spellcasting
 + Level 5.8 Conjurations


You had 11 spell levels left.
You knew the following spells:

 Your Spells              Type           Power      Damage    Failure   Level
a - Magic Dart            Conj           100%       1d8       1%          1
b - Searing Ray           Conj           64%        2d6       1%          2

Your spell library contained the following spells:

 Spells                   Type           Power      Damage    Failure   Level
 Dazzling Flash           Conj/Hex       38%        N/A       9%          3
 Frozen Ramparts          Ice            10%        1d3       28%         3
 Fulminant Prism          Conj/Hex       9%         3d7       28%         4
 Iskenderun's Mystic Bla  Conj/Tloc      19%        2d6       28%         4
 Ice Form                 Ice/Tmut       5%         N/A       67%         4
 Summon Ice Beast         Ice/Summ       5%         N/A       67%         4


Dungeon Overview and Level Annotations

Branches:
Dungeon (5/15)
 Temple: D:4-7

Altars:
Cheibriados

Shops:
D:3 ?*!=

Annotations:
D:4 Blork the orc, Dowan, Duvessa


Innate Abilities, Weirdness & Mutations

You have sharp fingernails.
Spells you cast may paralyse adjacent enemies.
You have a tail ending in a sharp stinger.


Message History

Malevolent energies surge around you.
Unknown command.
Casting: Magic Dart (safe; 1% risk of failure)
Confirm with . or Enter, or press ? or * to list all spells.
Aiming: Magic Dart (safe; 1% risk of failure)
Press: ? - help, Shift-Dir - straight line, f/p - jelly
Aim: a jelly (moderately wounded, 100% to hit)
The magic dart hits the jelly!
The jelly is severely wounded.
Malevolent energies surge around you. The jelly barely misses you.
Unknown command.
Casting: Magic Dart (safe; 1% risk of failure)
Confirm with . or Enter, or press ? or * to list all spells.
Aiming: Magic Dart (safe; 1% risk of failure)
Press: ? - help, Shift-Dir - straight line, f/p - jelly
Aim: a jelly (severely wounded, 100% to hit)
You miscast Magic Dart.
You are very lightly contaminated with residual magic.
Nothing appears to happen.
The jelly hits you. The acid corrodes you!
You are splashed with acid!
* * * LOW HITPOINT WARNING * * *
Unknown command.
You hit the jelly. The acid corrodes you!
Your hands burn!
* * * LOW HITPOINT WARNING * * *
You punch the jelly.
The jelly is almost dead.
The jelly closely misses you.
Unknown command.
Unknown command.
Casting: Magic Dart (safe; 1% risk of failure)
Confirm with . or Enter, or press ? or * to list all spells.
You don't have enough magic to cast this spell.
You hit the jelly but do no damage.
Your hands burn!
* * * LOW HITPOINT WARNING * * *
You tail-slap the jelly, but do no damage.
The jelly is almost dead.
The jelly hits you.
* * * LOW HITPOINT WARNING * * *
You are splashed with acid!
You die...

#.#..o..........
..#.##.#...####.
K.#.##.#...#
#.##.#...#
#.##)#...#
####.##### #.#
#J# #@# ###


You could see a jelly.

Vanquished Creatures
  Pikel (D:5)
  An ogre (D:5)
  A centaur (D:5)
  2 howler monkeys (D:5)
  A jelly (D:5)
  3 orc wizards (D:5)
  3 gnolls (D:2)
  6 adders
  A worm (D:3)
  5 dart slugs
  3 orcs (D:5)
  3 endoplasms
  6 giant cockroaches
  5 goblins
  8 hobgoblins
  2 jackals (D:2)
  3 kobolds
  3 quokkas
  4 ball pythons
  5 bats
  4 frilled lizards
  3 rats
73 creatures vanquished.

Notes
Turn   | Place    | Note
-------+----------+-------------------------------------------
     0 | D:1      | protoss039 the Demonspawn Conjurer began the quest for the
                  | Orb.
     0 | D:1      | Reached XP level 1. HP: 13/13 MP: 3/3
   327 | D:1      | Found a faded altar of an unknown god.
   344 | D:1      | Reached skill level 1 in Fighting
   414 | D:1      | Gained mutation: Spells you cast may paralyse adjacent
                  | enemies. [demonic ancestry]
   414 | D:1      | Reached XP level 2. HP: 21/21 MP: 1/5
  1181 | D:1      | Learned a level 2 spell: Searing Ray
  1249 | D:2      | Discovered your monstrous ancestry.
  1249 | D:2      | Gained mutation: You have a small tail. [demonic ancestry]
  1249 | D:2      | Reached XP level 3. HP: 27/27 MP: 0/6
  1459 | D:2      | Reached XP level 4. HP: 34/34 MP: 3/7
  2201 | D:3      | Found a snail-covered altar of Cheibriados.
  2222 | D:3      | Found Bodghies's Assorted Antiques.
  2277 | D:3      | Found Koash's Distillery.
  2294 | D:3      | Bought a potion of heal wounds for 50 gold pieces
  2395 | D:3      | Identified the +8 dagger "Dragon's Tongue" {vorpal, Contam
                  | rN++}
  2416 | D:3      | Found Ehithug's Jewellery Shop.
  2596 | D:3      | Found Vovaprio's Magic Scroll Emporium.
  2686 | D:3      | Bought a scroll of identify for 24 gold pieces
  2729 | D:3      | Identified the +1 robe of Jeipeun {Int+2}
  2742 | D:3      | You fall into a shaft and drop 2 floors!
  2742 | D:5      | Entered Level 5 of the Dungeon
  2748 | D:5      | Gained mutation: You have a tail ending in a sharp stinger.
                  | [demonic ancestry]
  2748 | D:5      | Reached XP level 5. HP: 39/41 MP: 9/9
  2763 | D:4      | Noticed Blork the orc
  2763 | D:4      | Noticed Duvessa
  2763 | D:4      | Noticed Dowan
  2828 | D:5      | Noticed a centaur
  2965 | D:5      | Killed a centaur
  2966 | D:5      | Reached skill level 1 in Armour
  3270 | D:5      | Reached XP level 6. HP: 45/48 MP: 4/10
  3300 | D:5      | Reached skill level 5 in Conjurations
  3637 | D:5      | Found the +6 shillelagh "Devastator" {shatter}
  3684 | D:5      | Noticed Pikel
  3797 | D:5      | Killed Pikel
  3798 | D:5      | Reached skill level 5 in Fighting
  3798 | D:5      | Gained mutation: You have sharp fingernails. [demonic
                  | ancestry]
  3798 | D:5      | Reached XP level 7. HP: 29/57 MP: 2/13
  3815 | D:5      | Splashed by a jelly's acid

Illustrated notes

Levels and vault maps discovered:
D:1:      matt_arrival_refuge, layout_rooms,
          dreamdust_ecumenical_altar_hidden_monk_grotto
D:2:      layout_loops_cross, hex_large
D:3:      layout_rooms, kennysheep_slug_shrine, serial_shops,
          nicolae_shop_hallway_stairs, nicolae_shop_trees, shop,
          nicolae_shop_advertising_works [nicolae_subvault_shop_adworks],
          uniq_crazy_yiuf_cottage
D:4:      layout_basic, uniq_grinder, uniq_blork_the_orc, uniq_duvessa,
          uniq_ijyb
D:5:      layout_basic, hangedman_abyss_or_decor_stagger, uniq_pikel

Skill      XL: |  1  2  3  4  5  6 |
---------------+-------------------+-----
Fighting       | 1 2 3 5 |  5.8
Armour         | 1 2 |  2.9
Spellcasting   | 3 4 |  4.2
Conjurations   | 5 |  5.8
Dodging        | |  1.7
Stealth        | |  1.7

Action                   |  1- 3 |  4- 6 |  7- 9 || total
-------------------------+-------+-------+-------++-------
Melee: Unarmed           |    11 |       |       ||    11
       Whip              |    13 |    57 |    10 ||    80
       Tailslap          |       |     9 |     3 ||    12
       Punch             |       |       |     1 ||     1
 Cast: Magic Dart        |    47 |    18 |     3 ||    68
       Searing Ray       |     2 |    22 |       ||    24
  Use: Scroll            |       |     2 |       ||     2
       Potion            |       |     1 |       ||     1
 Stab: Sleeping          |       |     2 |       ||     2
       Paralysed         |       |     1 |       ||     1
Armor: Robe              |     7 |    33 |     2 ||    42
Dodge: Dodged            |    14 |    56 |     7 ||    77
